 Dungeon Crawl Stone Soup version 0.31.0-11-ge490571c62 (webtiles) character file.

Game seed: 2029618423302485415

67711 Armakuni the Crack Shot (level 14, 0/88 HPs)
             Began as a Deep Elf Monk on Jan 31, 2024.
             Was a Priest of Elyvilon.
             Slain by a warg (14 damage)
             ... led by an orc knight
             ... on level 1 of the Orcish Mines on Feb 1, 2024.
             The game lasted 01:32:21 (21283 turns).

Armakuni the Crack Shot (Deep Elf Monk)            Turns: 21283, Time: 01:32:22

Health: 0/88       AC: 21    Str:  8    XL:     14   Next: 84%
Magic:  24/27      EV: 18    Int: 17    God:    Elyvilon [***...]
Gold:   1266       SH:  5    Dex: 24    Spells: 13/13 levels left

rFire   + . .        a - +2 orcbow
rCold   . . .        (shield currently unavailable)
rNeg    . . .        y - +1 acid dragon scales
rPois   +            w - +2 helmet {SInv}
rElec   .            L - +1 cloak
rCorr   +            v - +2 pair of gloves {Dex+3}
SInv    +            o - +1 pair of boots
Will    +....        H - amulet of reflection
Stlth   ++           P - ring of poison resistance
HPRegen 0.34/turn    F - ring of protection from fire
MPRegen 0.20/turn

%: reflection, clarity
@: studying Ranged Weapons
A: iridescent scales 1, clarity, sense surroundings 1
a: Renounce Religion, Purification, Heal Other, Heal Self


You were on level 1 of the Orcish Mines.
You worshipped Elyvilon.
Elyvilon was most pleased with you.
You visited 4 branches of the dungeon, and saw 21 of its levels.
You also visited: Ice Cave and Volcano.

You collected 3131 gold pieces.
You spent 1865 gold pieces at shops.

Inventory:

Hand Weapons
 a - a +2 orcbow (weapon)
 b - the +1 lajatang of the Four People {elec, +Blink rElec rF+++ Int-5}
   (You found it on level 11 of the Dungeon)

   Int-5:     It affects your intelligence (-5).
   rF+++:     It renders you almost immune to fire.
   rElec:     It insulates you from electricity.
   +Blink:    It lets you blink.
Missiles
 A - 8 curare-tipped darts
Armour
 o - a +1 pair of boots (worn)
 v - a +2 pair of gloves of dexterity (worn)
 w - a +2 helmet of see invisible (worn)
 y - +1 acid dragon scales (worn)
 z - a +2 leather armour of resistance
 I - the +0 hat of the Pit {+Inv rF- rN+++ Str+4}
   (You found it on level 12 of the Dungeon)

   Str+4:     It affects your strength (+4).
   rF-:       It makes you vulnerable to fire.
   rN+++:     It renders you almost immune to negative energy.
   +Inv:      It lets you turn invisible.
 L - a +1 cloak (worn)
Jewellery
 F - a ring of protection from fire (right hand)
 H - an amulet of reflection (around neck)
 N - a ring of positive energy
 P - a ring of poison resistance (left hand)
Wands
 k - a wand of digging (1)
 M - a wand of polymorph (7)
 O - a wand of flame (12)
Scrolls
 d - 4 scrolls of identify
 h - 10 scrolls of teleportation
 r - 2 scrolls of amnesia
 u - a scroll of butterflies
 B - 4 scrolls of vulnerability
 C - 3 scrolls of fog
 D - a scroll of noise
 E - 3 scrolls of revelation
 G - a scroll of poison
 J - a scroll of fear
Potions
 c - a potion of attraction
 f - 3 potions of magic
 g - 3 potions of mutation
 i - 2 potions of enlightenment
 l - 2 potions of might
 m - 3 potions of heal wounds
 p - 3 potions of lignification
 q - 2 potions of resistance
 s - a potion of cancellation
 t - 2 potions of brilliance
 x - 9 potions of curing


   Skills:
 - Level 10.0 Fighting
 - Level 3.0 Short Blades
 + Level 22.1 Ranged Weapons
 - Level 5.0 Armour
 - Level 10.0 Dodging
 - Level 15.3 Invocations
 - Level 8.5 Evocations


You had 13 spell levels left.
You didn't know any spells.
Your spell library contained the following spells:

 Spells                   Type           Power      Damage    Failure   Level
 Foxfire                  Conj/Fire      0%         2x1d4     36%         1
 Freeze                   Ice            0%         1d3       36%         1
 Kiss of Death            Conj/Necr      0%         2d5       36%         1
 Cigotuvi's Dreadful Rot  Necr/Alch/Air  0%         N/A       52%         2
 Ensorcelled Hibernation  Hex/Ice        0%         N/A       52%         2
 Confusing Touch          Hex            0%         N/A       75%         3
 Fugue of the Fallen      Necr           0%         N/A       75%         3
 Gell's Gravitas          Tloc           0%         N/A       75%         3
 Hailstorm                Conj/Ice       0%         3d5       75%         3
 Passwall                 Erth           0%         N/A       75%         3
 Summon Ice Beast         Ice/Summ       0%         N/A       75%         3
 Swiftness                Air            0%         N/A       75%         3
 Anguish                  Hex/Necr       0%         N/A       98%         4
 Dispel Undead            Necr           0%         3d6       98%         4
 Ignite Poison            Fire/Alch      0%         N/A       98%         4
 Alistair's Intoxication  Alch           0%         N/A       100%        5
 Borgnjor's Vile Clutch   Necr/Erth      0%         N/A       100%        5
 Freezing Cloud           Conj/Ice/Air   0%         6-21      100%        5
 Eringya's Noxious Bog    Alch           0%         4d6       100%        6
 Plasma Beam              Fire/Air       0%         2x1d10    100%        6
 Sculpt Simulacrum        Ice/Alch       0%         N/A       100%        6
 Starburst                Conj/Fire      0%         6d3       100%        6


Dungeon Overview and Level Annotations

Branches:
Dungeon (13/15)            Temple (1/1) D:4            Lair (5/5) D:11
 Shoals (0/4) Lair:2       Spider (0/4) Lair:3        Slime (0/5) Lair:4
    Orc (2/2) D:11          IceCv (visited)         Volcano (visited)
    Elf: Orc:2       Vaults: D:13-14

Altars:
Ashenzari
Cheibriados
Dithmenos
Elyvilon
Fedhas
Gozag
Hepliaklqana
Kikubaaqudgha
Makhleb
Nemelex Xobeh
Okawaru
Qazlal
Ru
Sif Muna
Trog
Uskayaw
Vehumet
Wu Jian
Xom
Yredelemnul
Zin
The Shining One
Jiyva

Shops:
D:3 :   D:4 =   D:6 !?**(   D:11 [   D:12 [

Annotations:
Lair:5 2 runed translucent doors, t4s4d4r's ghost, journeyman DjEE
Orc:1 Gastronok


Innate Abilities, Weirdness & Mutations

You are partially covered in iridescent scales. (AC +2)
You possess an exceptional clarity of mind.
You passively map a small area around you.


Message History

You are healed.
The warg barely misses you. x2
The orc knight is engulfed in poison gas.
The orc knight looks as sick as possible!
The orc knight hits you with a +0 dire flail.
You shoot an arrow. The arrow hits the orc knight!
The orc knight is almost dead.
You block the warg's attack. The warg closely misses you.
The warg barely misses you.
The orc knight is engulfed in poison gas.
The orc knight looks as sick as possible!
The orc knight barely misses you.
You shoot an arrow. The arrow hits the orc knight.
You kill the orc knight!
The warg bites you!
Gastronok is engulfed in poison gas.
Gastronok looks even sicker.
Gastronok waves his eye-stalks in wide circles.
The air twists around and strikes you!!
* * * LOW HITPOINT WARNING * * *
The warg pauses to sniff the ground.
The warg misses you. x2
You are healed.
An orc warrior comes into view. It is wielding a +0 long sword.
The warg completely misses you. The warg bites you but does no damage.
Fire: a) +2 orcbow
Press: ? - help, Q - select action, (/) - cycle Shift-Dir - straight line, f - Gastronok
Aim: Gastronok, wearing a +1 hat (poison gas, heavily wounded, covering ground quickly, very poisoned, 95% to hit)
You shoot an arrow. The arrow hits Gastronok!
Gastronok is heavily wounded.
The orc no longer looks unusually strong.
The warg bites you but does no damage. The warg closely misses you.
The orc warrior is engulfed in poison gas.
The orc warrior is poisoned.
Gastronok is engulfed in poison gas.
Gastronok looks as sick as possible!
Gastronok waves his eye-stalks in wide circles.
The air twists around and strikes you!!
* * * LOW HITPOINT WARNING * * *
The warg bites you but does no damage.
The orc warrior no longer looks unusually strong.
The warg bites you!
You die...

, , * ○#§ ,☼☼ ,
○.○° ☼○ *
,○○☼.##○### ,
°°○.§○○## # ☼ *
* .○.§.§.*§#☼○
, * *
*#.°§§#☼°°○☼ ,
*#h☼O§○☼§.○, ,o
#.@h..°o°$ ,
#oo.o☼○○..☼○°°
#..o☼.○○o○°°.○°
..○o°.°§°.☼☼§§°
*
#§ooO☼.w○.○)☼.○
,
#o☼o#°§o§☼..○○☼
*
##..○#°o.○○○☼..
, *
#°°☼#.§...°°○°
, , ,


You could see Gastronok (swift, extremely poisoned), 2 wargs, 5 orc warriors, 2
ogres, an orc priest (strong) and 7 orcs.

Vanquished Creatures
  A quicksilver ooze (IceCv)
  A fire dragon (Lair:5)
  4 hydras
  An ogre mage (Orc:2)
  5 death yaks (D:11)
  6 two-headed ogres
  2 skeletal warriors (Volcano)
  Lodul (D:12)
  A swamp dragon (Lair:5)
  2 lindwurms
  Pikel (D:6)
  2 harpies (Lair:2)
  3 anaconda skeletons (Volcano)
  3 orc knights
  2 manticores
  Maurice (D:11)
  7 elephants
  2 cyclopes (D:12)
  2 ice statues (IceCv)
  5 gargoyles (Volcano)
  14 cane toads
  An unseen horror (D:11)
  6 rime drakes
  2 kobold demonologists
  8 komodo dragons
  3 trolls
  5 polar bears
  A merfolk (D:10)
  8 blink frogs (Lair:2)
  A hornet (D:8)
  A harpy skeleton (Volcano)
  A jumping spider (Lair:3)
  4 wyverns
  9 slime creatures
  A vampire (D:11)
  2 shadows
  3 wraiths
  45 yaks
  3 basilisks
  4 steam dragons
  A redback (Lair:3)
  A vampire mosquito (D:11)
  6 wargs (Orc:2)
  3 acid dragons
  15 water moccasins
  2 great orb of eyes simulacra (IceCv)
  3 black bears
  An ice beast (D:6)
  A swamp drake (Lair:5)
  17 orc warriors
  2 laughing skulls (Volcano)
  15 ogres
  4 centaurs
  4 lemures (D:6)
  10 wolves
  2 phantoms
  A slime creature simulacrum (IceCv)
  2 kobold brigands
  14 bullfrogs
  A weeping skull (Volcano)
  A gnoll sergeant (D:11)
  2 glowing shapeshifter simulacra (IceCv)
  4 scorpions
  8 wights
  33 killer bees
  4 troll skeletons (Volcano)
  An electric eel (Lair:3)
  2 spriggan skeletons (Volcano)
  A howler monkey (D:9)
  2 bombardier beetles
  3 hounds
  A jelly (D:4)
  Crazy Yiuf (D:7)
  10 orc priests
  2 sleepcaps (D:6)
  Ijyb (D:5)
  13 iguanas
  13 orc wizards
  3 shapeshifter simulacra (IceCv)
  A naga skeleton (Volcano)
  6 gnolls
  10 adders
  2 river rats (Lair:2)
  2 white imps
  2 ufetubi (D:3)
  6 dart slugs
  2 ribbon worms
  57 orcs
  4 endoplasms
  2 giant cockroaches (D:2)
  11 goblins
  9 hobgoblins
  7 jackals (D:2)
  26 kobolds
  A quokka (D:2)
  6 ball pythons
  10 bats
  3 frilled lizards
  5 rats
556 creatures vanquished.

Vanquished Creatures (others)
  2 ogre magi (Orc:2)
  3 two-headed ogres (Orc:2)
  2 death yaks (D:11)
  A manticore (D:11)
  A komodo dragon (Lair:3)
  2 wraiths (D:11)
  A warg (Orc:2)
  2 yaks (D:11)
  A centaur (D:11)
  A killer bee (Lair:2)
  A hound (D:6)
  2 orc wizards (D:11)
  3 orcs (Orc:2)
22 creatures vanquished.

Grand Total: 578 creatures vanquished

Notes
Turn   | Place    | Note
-------+----------+-------------------------------------------
     0 | D:1      | Armakuni the Deep Elf Monk began the quest for the Orb.
     0 | D:1      | Reached XP level 1. HP: 13/13 MP: 3/3
   361 | D:1      | Reached XP level 2. HP: 17/18 MP: 4/4
   704 | D:1      | Reached XP level 3. HP: 22/23 MP: 5/5
  1056 | D:2      | Found a hide-covered altar of Uskayaw.
  1504 | D:2      | Reached XP level 4. HP: 23/29 MP: 6/6
  1614 | D:2      | Identified a scroll of acquirement
  1615 | D:2      | Acquired 590 gold pieces
  2285 | D:3      | Found Ozemibom's Vocational Training.
  2294 | D:3      | Reached XP level 5. HP: 26/34 MP: 7/7
  2641 | D:3      | Reached skill level 5 in Dodging
  3165 | D:4      | Found a staircase to the Ecumenical Temple.
  3179 | Temple   | Entered the Ecumenical Temple
  3190 | D:4      | Reached XP level 6. HP: 39/39 MP: 8/8
  3462 | D:4      | Found Ogepe's Jewellery Shop.
  3488 | D:4      | Found a radiant altar of Vehumet.
  3754 | D:5      | Entered Level 5 of the Dungeon
  3785 | D:5      | Reached skill level 1 in Ranged Weapons
  3785 | D:5      | Reached XP level 7. HP: 37/44 MP: 9/9
  3787 | D:5      | Reached skill level 3 in Ranged Weapons
  3805 | D:5      | Reached skill level 4 in Ranged Weapons
  3917 | D:5      | Reached skill level 5 in Ranged Weapons
  4148 | D:5      | Reached skill level 6 in Ranged Weapons
  4148 | D:5      | Noticed Ijyb
  4158 | D:5      | Killed Ijyb
  4297 | D:5      | Reached skill level 7 in Ranged Weapons
  4297 | D:5      | Reached XP level 8. HP: 45/48 MP: 8/10
  4492 | D:5      | You fall into a shaft and drop 3 floors!
  4520 | D:7      | Reached skill level 8 in Ranged Weapons
  4534 | D:7      | Found an ornate altar of the Wu Jian Council.
  4789 | D:7      | Reached skill level 9 in Ranged Weapons
  5192 | D:6      | Reached skill level 10 in Ranged Weapons
  5220 | D:6      | Found a white marble altar of Elyvilon.
  5230 | D:6      | Became a worshipper of Elyvilon the Healer
  5230 | D:6      | Reached * piety under Elyvilon
  5230 | D:6      | Reached ** piety under Elyvilon
  5324 | D:6      | Noticed Pikel
  5343 | D:6      | Killed Pikel
  5344 | D:6      | Reached skill level 5 in Invocations
  5413 | D:6      | Found a shimmering blue altar of Sif Muna.
  5419 | D:6      | Reached XP level 9. HP: 46/52 MP: 14/14
  5495 | D:6      | Found Kychip's General Store.
  5499 | D:6      | Bought the +2 robe "Hoafiec" {Int+3} for 264 gold pieces
  5499 | D:6      | Bought a wand of quicksilver (6) for 277 gold pieces
  5529 | D:6      | Found Radghesu's Distillery.
  5540 | D:6      | Reached skill level 1 in Evocations
  5562 | D:6      | Gained mutation: You are partially covered in iridescent
                  | scales. (AC +2) [potion of mutation]
  5562 | D:6      | Gained mutation: You passively map a small area around you.
                  | [potion of mutation]
  5562 | D:6      | Gained mutation: You possess an exceptional clarity of
                  | mind. [potion of mutation]
  5590 | D:6      | Bought a potion of mutation for 88 gold pieces
  5590 | D:6      | Bought a potion of mutation for 88 gold pieces
  5620 | D:6      | Found Pudohyas's Antique Weapon Shoppe.
  5696 | D:6      | Found Liczauji's Assorted Antiques.
  5699 | D:6      | Found Owoompaph's Magic Scroll Boutique.
  6023 | D:7      | Reached skill level 5 in Evocations
  6112 | D:7      | Found a runed translucent door.
  6113 | D:7      | Noticed Crazy Yiuf
  6125 | D:7      | Killed Crazy Yiuf
  6877 | D:8      | Reached *** piety under Elyvilon
  6915 | D:8      | Found a glowing golden altar of the Shining One.
  8024 | D:9      | Found a bloodstained altar of Trog.
  8109 | D:8      | Reached XP level 10. HP: 55/58 MP: 16/16
  8309 | D:9      | Found a snail-covered altar of Cheibriados.
  8322 | D:9      | Reached **** piety under Elyvilon
  8355 | D:9      | Reached skill level 11 in Ranged Weapons
  8872 | D:9      | Found a broken altar of Ashenzari.
  9029 | D:6      | Bought a glowing helmet for 232 gold pieces
  9129 | D:10     | Entered Level 10 of the Dungeon
  9551 | D:10     | Reached skill level 12 in Ranged Weapons
 10024 | D:11     | Found a staircase to the Orcish Mines.
 10227 | D:11     | Found Siclei Woju's Armour Shop.
 10246 | D:11     | Found a staircase to the Lair.
 10246 | D:11     | Noticed a death yak
 10247 | D:11     | Noticed a death yak
 10256 | D:11     | Noticed a death yak
 10258 | D:11     | Pacified a death yak
 10258 | D:11     | Noticed a death yak
 10259 | D:11     | Reached skill level 13 in Ranged Weapons
 10259 | D:11     | Reached XP level 11. HP: 43/62 MP: 14/19
 10259 | D:11     | Noticed a death yak
 10259 | D:11     | Noticed a death yak
 10260 | D:11     | Noticed a death yak
 10266 | D:11     | Killed a death yak
 10267 | D:11     | Killed a death yak
 10277 | D:11     | Killed a death yak
 10282 | D:11     | Killed a death yak
 10287 | D:11     | Killed a death yak
 10288 | D:11     | Killed a death yak
 10289 | D:11     | Reached skill level 14 in Ranged Weapons
 10289 | D:11     | Reached skill level 10 in Invocations
 10292 | D:11     | Killed a death yak
 10356 | D:11     | Noticed a two-headed ogre
 10362 | D:11     | Killed a two-headed ogre
 10376 | D:11     | Found a frozen archway.
 10441 | IceCv    | Entered an ice cave
 10514 | IceCv    | Reached skill level 15 in Ranged Weapons
 10926 | IceCv    | Noticed a quicksilver ooze
 10945 | IceCv    | Killed a quicksilver ooze
 11121 | IceCv    | Reached XP level 12. HP: 67/67 MP: 22/22
 11467 | D:11     | Identified the +1 lajatang of the Four People {elec, +Blink
                  | rElec rF+++ Int-5}
 11509 | D:11     | Reached skill level 16 in Ranged Weapons
 11575 | D:11     | Noticed a boulder beetle
 11576 | D:11     | Pacified a boulder beetle
 11761 | D:11     | Noticed a boulder beetle
 11763 | D:11     | Pacified a boulder beetle
 11889 | D:11     | Noticed a two-headed ogre
 11908 | D:11     | Killed a two-headed ogre
 12427 | D:12     | Noticed Lodul
 12463 | D:12     | Killed Lodul
 12474 | D:12     | Noticed a boulder beetle
 12477 | D:12     | Pacified a boulder beetle
 12516 | D:12     | Reached skill level 15 in Invocations
 12585 | D:12     | Reached skill level 5 in Fighting
 12739 | D:12     | Found Utay's Antique Armour Shop.
 12758 | D:12     | Bought a pair of glowing gloves for 285 gold pieces
 13025 | D:12     | Identified the +0 hat of the Pit {+Inv rF- rN+++ Str+4}
 13326 | D:6      | Bought a scroll of enchant armour for 105 gold pieces
 13326 | D:6      | Bought a scroll of enchant weapon for 105 gold pieces
 13333 | D:6      | Bought a scroll of enchant armour for 232 gold pieces
 13341 | D:6      | Bought a scroll of teleportation for 42 gold pieces
 13341 | D:6      | Bought a scroll of teleportation for 42 gold pieces
 13341 | D:6      | Bought a scroll of revelation for 105 gold pieces
 13471 | Lair:1   | Entered Level 1 of the Lair of Beasts
 13586 | Lair:1   | Reached skill level 1 in Armour
 13874 | Lair:1   | Reached XP level 13. HP: 59/74 MP: 26/26
 14226 | Lair:1   | You fall into a shaft and drop 1 floor!
 15144 | Lair:2   | Found a staircase to the Shoals.
 15206 | Lair:2   | Reached skill level 5 in Armour
 16066 | Lair:2   | Identified the +5 war axe of Rarec {freeze, rF- Int+4
                  | Dex+3}
 16619 | Lair:3   | Found a dark tunnel.
 16622 | Lair:3   | Identified the +0 trident "Tuteel" {drain, rPois rN+}
 16625 | Volcano  | Entered a volcano
 16887 | Volcano  | Reached skill level 10 in Fighting
 17128 | Volcano  | Reached XP level 14. HP: 68/88 MP: 27/27
 17651 | Lair:3   | Identified the orb of Gestures {light, rN+ Int+2}
 17796 | Lair:3   | Got the Essays on Refrigeration and Relocation
 17804 | Lair:3   | Found a hole to the Spider Nest.
 17824 | Lair:3   | Reached skill level 10 in Dodging
 18124 | Lair:4   | Found a staircase to the Slime Pits.
 18124 | Lair:4   | Found a viscous altar of Jiyva.
 18633 | Lair:4   | Acquired a manual of Ranged Weapons
 18792 | Lair:5   | Entered Level 5 of the Lair of Beasts
 18792 | Lair:5   | Found a large runed translucent door.
 18792 | Lair:5   | Found a large runed translucent door.
 18793 | Lair:5   | Noticed t4s4d4r's ghost (journeyman DjEE)
 18927 | Lair:5   | Reached skill level 17 in Ranged Weapons
 19115 | Lair:5   | Reached ***** piety under Elyvilon
 19273 | Lair:5   | Identified the +2 leather armour "Mieqiu" {*Corrode Int+4}
 19374 | Lair:5   | Reached skill level 18 in Ranged Weapons
 19807 | Lair:5   | Reached skill level 19 in Ranged Weapons
 20143 | Orc:1    | Entered Level 1 of the Orcish Mines
 20259 | Orc:1    | Noticed Maurice
 20296 | D:11     | Killed Maurice
 20573 | Orc:2    | Entered Level 2 of the Orcish Mines
 20635 | Orc:2    | Reached skill level 20 in Ranged Weapons
 20805 | Orc:2    | Reached skill level 21 in Ranged Weapons
 21262 | Orc:2    | Reached skill level 22 in Ranged Weapons
 21268 | Orc:1    | Noticed Gastronok
 21268 | Orc:1    | Noticed an orc warlord
 21283 | Orc:1    | Slain by a warg

Illustrated notes

Levels and vault maps discovered:
D:1:      scummos_arrival_gate, layout_rooms, serial_co_window_serial,
          co_window_corner_a, co_window_corner_a, co_window_paths_a,
          co_window_paths_b, co_window_corner_a, co_window_paths_a,
          co_window_corner_a, co_window_paths_b, co_window_cross_1,
          co_window_corner_b, co_window_corner_cb, co_window_corner_b,
          co_window_broadway_a, co_window_4corner_a, co_window_paths_d,
          glass_columns_a, glass_columns_a
D:2:      layout_basic, basic_altar, kennysheep_cross_bottleneck
D:3:      minmay_chambers_of_twos, layout_loops_ring, nicolae_shop_vocational
D:4:      layout_loops_ring, vehumet_crystals,
          minmay_temple_entry_gardened_gates, serial_shops, shop
D:5:      dreamdust_elfheim, layout_basic, uniq_ijyb
D:6:      layout_loops_cross, tgw_sif, lemuel_crystal_altar, serial_shops, shop,
          shop, shop, shop, shop, uniq_pikel
D:7:      kennysheep_kobold_camp, layout_loops_ring, nzn_wu_jian_contemplation,
          uniq_crazy_yiuf_cottage
D:8:      layout_loops_corners, tso_metal_star
D:9:      layout_small_grid, trog_butcher_becter, marbit_many_paths,
          mainiacjoe_overflow_catwalk, serial_glass, glass_columns_c,
          glass_columns_a, due_unseen_surprise, item_on_display_a,
          item_on_display_a, item_on_display_a
D:10:     layout_gridville, hangedman_fish_farm
D:11:     cheibrodos_barr_body, layout_loops_cross, dpeg_lair_monsters,
          orc_david_3, portal_ice_cave_entry_animals_and_master
D:12:     layout_basic, serial_shops, shop, uniq_lodul
D:13:     layout_cave_pools, ebering_ghost_funeral_grove,
          nicolae_ru_sacrificial_ziggurat, uniq_nessos
Temple:   eino_narrow_crystal_temple
Lair:1:   layout_cave_pods
Lair:2:   regret_index_wax_grids, layout_long_grid, nicolae_shoals_entry_roost,
          minmay_holes
Lair:3:   layout_gridlike, spider_nest_entry_a, enter_volcano_4,
          grunt_megastairs_2
Lair:4:   layout_hall_layers, slime_entry_1, grunt_megastairs_3
Lair:5:   guppyfry_lair_end_dragon, layout_regular_city,
          ebering_ghost_disaster_area, serial_bayou_lagoon_a,
          serial_bayou_shore_a
Orc:1:    layout_caves, uniq_gastronok, uniq_maurice
Orc:2:    st_orc_town, layout_caves, nicolae_orc_stalacmites,
          regret_index_minedec_devilstone, nicolae_orc_minecarts

Skill      XL: |  1  2  3  4  5  6  7  8  9 10 11 12 13 14 |
---------------+-------------------------------------------+-----
Fighting       | 3 4 6 10 | 10.0
Dodging        | 4 6 7 8 10 | 10.0
Ranged Weapons | 1 7 10 13 15 16 22 | 22.1
Invocations    | 5 9 11 15 | 15.3
Evocations     | 8 |  8.5
Armour         | 2 5 |  5.0
Short Blades   | |  3.0

Action                     |  1- 3 |  4- 6 |  7- 9 | 10-12 | 13-15 || total
---------------------------+-------+-------+-------+-------+-------++-------
  Melee: Short sword       |    96 |   156 |   297 |     2 |       ||   551
   Fire: Sling             |       |       |    30 |       |       ||    30
         Orcbow            |       |       |    31 |   800 |  1258 ||  2089
  Throw: Javelin           |     6 |    13 |     1 |       |       ||    20
         Dart              |       |       |    24 |    10 |     5 ||    39
         Throwing net      |       |       |       |     1 |       ||     1
 Invoke: Heal Other        |       |       |     1 |    15 |    18 ||    34
         Heal Self         |       |       |     1 |    11 |    15 ||    27
         Purification      |       |       |       |       |     1 ||     1
  Evoke: Wand              |       |       |    12 |    29 |     9 ||    50
    Use: Scroll            |     4 |    10 |    11 |    12 |     4 ||    41
         Potion            |       |     3 |     1 |     3 |     2 ||     9
 Armour: Robe              |    37 |    32 |    68 |    23 |       ||   160
         Leather armour    |       |    36 |    69 |   100 |    33 ||   238
         Steam dragon scal |       |       |       |    15 |       ||    15
         Acid dragon scale |       |       |       |    87 |   355 ||   442
         Skin              |       |       |       |       |    34 ||    34
  Dodge: Dodged            |    61 |   108 |   205 |   279 |   532 ||  1185
  Block: Other             |       |       |       |       |    84 ||    84
         Reflection        |       |       |       |       |     4 ||     4
